 Dungeon Crawl Stone Soup version 0.17-a0-1954-g0dddeaa (webtiles) character file.

3341 4thArraOfDagon the Martial Artist (level 10, 0/53 HPs)
             Began as a Vine Stalker Monk on Oct 3, 2015.
             Was a Priest of Cheibriados.
             Slain by an orc warrior
             ... wielding a +0 glaive
              (13 damage)
             ... on level 4 of the Orcish Mines.
             The game lasted 00:13:46 (2699 turns).

4thArraOfDagon the Martial Artist (VSMo)            Turns: 2699, Time: 00:13:46

Health: 0/53       AC: 10    Str: 25    XL:     10   Next: 2%
Magic:  0/13       EV: 11    Int: 21    God:    Cheibriados [***...]
Gold:   693        SH:  0    Dex: 25    Spells: 0 memorised, 9 levels left

rFire  . . .     SeeInvis .       - Unarmed
rCold  . . .     Clarity  .     z - +0 plate armour
rNeg   . . .     SustAt   .     (no shield)
rPois  .         Gourm    .     (no helmet)
rElec  .         Spirit   +     (no cloak)
rCorr  .         Warding  .     (no gloves)
rMut   +         Stasis   .     (no boots)
MR     +....                    y - amulet of resist mutation
Stlth  ..........               (no ring)
                                j - +3 ring of strength

@: very slow, somewhat resistant to hostile enchantments, extremely unstealthy
A: fangs 3, regeneration 2, magic shield, antimagic bite, no device heal 3, rot
immunity
a: Bend Time, Temporal Distortion, Renounce Religion


You were on level 4 of the Orcish Mines.
You worshipped Cheibriados.
Cheibriados was most pleased with you.
You were not hungry.

You visited 3 branches of the dungeon, and saw 15 of its levels.
You also visited: Ossuary.

You collected 693 gold pieces.

Inventory:

Missiles
 h - 8 curare-tipped needles
 s - a throwing net (quivered)
Armour
 i - the +2 robe of Devotion {rCorr Str+4}
   (You found it on level 4 of the Dungeon)

   It affects your strength (+4).
   It protects you from acid and corrosion.
 z - a +0 plate armour (worn)
 B - a troll hide
Jewellery
 j - a +3 ring of strength (left hand)
 y - an amulet of resist mutation (around neck)
Magical devices
 a - a wand of paralysis (9)
 e - a wand of polymorph (11)
 k - a wand of confusion (29)
 p - a wand of polymorph (0)
 t - a wand of slowing (21)
 v - a wand of fireball (6)
Scrolls
 d - 3 scrolls of remove curse
 m - 3 scrolls of enchant weapon
 o - a scroll of immolation
Potions
 f - 2 potions of lignification {unknown}
 g - a potion of resistance
 l - 3 potions of brilliance {unknown}
 n - a potion of haste {unknown}
 q - a potion of might {unknown}
 r - a potion of heal wounds
 x - a potion of poison
Books
 w - a book of Conjurations

   Spells                             Type                      Level
   a - Magic Dart                     Conjuration                  1
   b - Searing Ray                    Conjuration                  2
   c - Dazzling Spray                 Conjuration/Hexes            3
   d - Fulminant Prism                Conjuration/Hexes            4
   e - Iskenderun's Mystic Blast      Conjuration                  4
   f - Iskenderun's Battlesphere      Conjuration/Charms           5
Comestibles
 b - 3 bread rations
 c - a slice of pizza
 u - a meat ration
 A - a chunk of flesh


   Skills:
 + Level 6.8 Fighting
 + Level 5.9 Dodging
 - Level 2.4 Stealth
 * Level 10.2 Unarmed Combat
 + Level 3.6 Invocations


You had 9 spell levels left.
You didn't know any spells.

Dungeon Overview and Level Annotations

Branches:
Dungeon (10/15)            Temple (1/1) D:5             Orc (4/4) D:9
   Lair: D:8-11         Elf: Orc:3-4

Altars:
Ashenzari
Cheibriados
Dithmenos
Elyvilon
Fedhas
Makhleb
Nemelex Xobeh
Qazlal
Ru
Sif Muna
Trog
Vehumet
Xom
Yredelemnul
The Shining One

Shops:
Orc:4 :

Annotations:
D:10 Gastronok


Innate Abilities, Weirdness & Mutations

You have razor-sharp teeth.
You heal very quickly.
When hurt, damage is shared between your health and your magic reserves.
Your bite disrupts and absorbs the magic of your enemies.
Potions and wands cannot restore your health.
You are immune to rotting.


Message History

a club; an orc corpse Unknown command.
You closely miss the orc warrior.
You bite the orc warrior, but do no damage.
The orc hits you with a flail.
The orc wizard gestures wildly while chanting.
The orc wizard blinks!
Unknown command.
You hit the orc warrior but do no damage.
Your bite misses the orc warrior. The orc warrior hits you with a glaive.
* * * LOW HITPOINT WARNING * * *
The orc barely misses you.
Unknown command.
You closely miss the orc warrior. Your bite misses the orc warrior.
The orc priest hits you but does no damage.
Unknown command.
Your plate armour prevents you from hitting the orc priest.
Your bite misses the orc priest. The orc closely misses you.
The orc warrior hits you with a glaive!!
You die...

##........))............#
.#.....................##
........................##
.....∩...................#
.........................#
....................##....#
...........#.........#...##
.............o......#.#.##
...............o@........
..........#....oo.......##
.........................#
................#
..#..$.........# .
#........<...#
........$....
..............


You could see an orc warrior, an orc priest, an orc wizard and an orc.

Vanquished Creatures
  A queen ant (Orc:4)
  A troll (Orc:1)
  A two-headed ogre (D:9)
  2 hippogriffs (D:7)
  A warg (Orc:1)
  Duvessa (D:7)
  3 orc warriors
  3 ogres
  Dowan (D:7)
  4 water moccasin zombies (Ossuary)
  2 scorpions
  2 crimson imps
  A jelly (D:5)
  An iguana (D:8)
  6 orc priests
  2 hounds
  6 orc wizards
  3 worker ants
  6 big kobold zombies (Ossuary)
  A sheep (D:8)
  2 mummies (Ossuary)
  4 gnolls (D:8)
  An adder (D:8)
  A shadow imp (D:8)
  An adder skeleton (D:6)
  A worm (D:3)
  7 adder zombies (Ossuary)
  2 giant geckos
  50 orcs
  A bat (D:1)
  2 giant cockroaches (D:1)
  3 gnoll zombies (Ossuary)
  3 goblins
  4 hobgoblins
  4 jackals (D:7)
  A kobold (D:1)
  4 giant newts
  3 hobgoblin zombies (Ossuary)
  2 kobold zombies (Ossuary)
  7 orc zombies (Ossuary)
  A quokka skeleton (D:8)
  A rat (D:3)
153 creatures vanquished.

Notes
Turn   | Place    | Note
--------------------------------------------------------------
     0 | D:1      | 4thArraOfDagon the Vine Stalker Monk began the quest for the Orb.
     0 | D:1      | Reached XP level 1. HP: 11/11 MP: 2/2
   114 | D:1      | Reached XP level 2. HP: 13/16 MP: 3/3
   327 | D:3      | Reached XP level 3. HP: 12/20 MP: 2/4
   411 | D:4      | Got a wizard robe
   438 | D:4      | Identified the +2 robe of Devotion {rCorr Str+4} (You found it on level 4 of the Dungeon)
   450 | D:5      | Entered Level 5 of the Dungeon
   506 | D:5      | Reached XP level 4. HP: 6/24 MP: 5/5
   531 | D:5      | Noticed a sky beast
   531 | D:5      | Noticed a scorpion
   558 | D:5      | Killed a scorpion
   558 | D:5      | Reached skill level 5 in Unarmed Combat
   558 | D:5      | Reached XP level 5. HP: 9/28 MP: 4/6
   559 | D:5      | Found a deep blue altar of Sif Muna.
   579 | D:5      | Found a staircase to the Ecumenical Temple.
   588 | Temple   | Entered the Ecumenical Temple
   837 | D:6      | Found a sand-covered staircase.
   842 | Ossuary  | Entered an ossuary
   949 | Ossuary  | Gained mutation: You heal very quickly. [Vine Stalker growth]
   949 | Ossuary  | Reached XP level 6. HP: 12/33 MP: 7/7
   995 | Ossuary  | Reached skill level 6 in Unarmed Combat
  1050 | Ossuary  | Reached XP level 7. HP: 37/37 MP: 8/8
  1248 | D:7      | Found a white marble altar of Elyvilon.
  1324 | D:7      | Noticed Duvessa
  1325 | D:7      | Noticed Dowan
  1329 | D:7      | Noticed a hippogriff
  1336 | D:7      | Noticed a hippogriff
  1342 | D:7      | Killed Duvessa
  1342 | D:7      | Reached skill level 7 in Unarmed Combat
  1351 | D:7      | Killed a hippogriff
  1354 | D:7      | Killed a hippogriff
  1354 | D:7      | Gained mutation: You have razor-sharp teeth. [Vine Stalker growth]
  1354 | D:7      | Reached XP level 8. HP: 42/42 MP: 9/9
  1365 | D:7      | Killed Dowan
  1365 | D:7      | Reached skill level 5 in Fighting
  1379 | D:7      | Noticed an orc warrior
  1552 | D:8      | Reached skill level 8 in Unarmed Combat
  1734 | D:8      | HP: 2/44 [orc priest/divine providence (11)]
  1759 | D:9      | Noticed a two-headed ogre
  1768 | D:9      | Killed a two-headed ogre
  1813 | D:9      | Reached skill level 5 in Dodging
  1830 | D:8      | Found a snail-covered altar of Cheibriados.
  1830 | D:8      | Found a shattered altar of Ashenzari.
  1830 | D:8      | Found a burning altar of Makhleb.
  1830 | D:8      | Found a radiant altar of Vehumet.
  1834 | D:8      | Found a shadowy altar of Dithmenos.
  1835 | D:8      | Became a worshipper of Cheibriados the Contemplative
  1835 | D:8      | Acquired Cheibriados's first power
  1855 | D:9      | Reached XP level 9. HP: 36/48 MP: 10/10
  1859 | D:9      | Reached skill level 1 in Invocations
  1865 | D:10     | Entered Level 10 of the Dungeon
  1865 | D:10     | Noticed Gastronok
  1904 | D:9      | Found a deep blue altar of Sif Muna.
  1926 | D:9      | Found a staircase to the Orcish Mines.
  1930 | D:9      | Reached skill level 9 in Unarmed Combat
  1962 | Orc:1    | Entered Level 1 of the Orcish Mines
  2315 | Orc:1    | Acquired Cheibriados's second power
  2424 | Orc:3    | Noticed an orc knight
  2581 | Orc:4    | Entered Level 4 of the Orcish Mines
  2581 | Orc:4    | Found Ligeij's Book Emporium.
  2605 | Orc:4    | Noticed an ettin
  2606 | Orc:4    | Noticed a queen ant
  2606 | Orc:4    | an ettin changed into a queen ant
  2627 | Orc:4    | Killed a queen ant
  2627 | Orc:4    | Reached skill level 10 in Unarmed Combat
  2663 | Orc:3    | Noticed an orc sorcerer
  2675 | Orc:4    | Reached XP level 10. HP: 20/53 MP: 13/13
  2699 | Orc:4    | Slain by an orc warrior

Vault maps used:
D:1:      dpeg_arrival_tiny_g, serial_bayou_lagoon_a, roderic_roman_lattice
D:2:      kiku_gazebo_pond_becter, first_bread
D:3:      grunt_decor_resistance
D:5:      temple_fountains, led_sif_pool
D:6:      grunt_temple_overflow_gold_and_silver, old_standard_altar,
          enter_ossuary_5, uniq_grinder
D:7:      elyvilon_altar_1, minivault_4, uniq_duvessa
D:8:      nicolae_overflow_hidden_temple
D:9:      lemuel_crystal_altar, orc_0_dummy
D:10:     erik_lair_orcish_takeover, uniq_gastronok
Temple:   minmay_temple_curvy_8
Orc:2:    minmay_goldmine
Orc:3:    portal_ice_cave_entry_pillars_02, nicolae_orc_pool_cavern
Orc:4:    st_orc_ogre_mass, lightli_volcano_entry_magma_tube, serial_shops, shop
Ossuary:  ossuary_tomb_2

Action                   |  1- 3 |  4- 6 |  7- 9 | 10-12 || total
-------------------------+-------+-------+-------+-------++-------
Melee: Unarmed           |    94 |   165 |   324 |     7 ||   590
Throw: Throwing net      |       |       |     2 |       ||     2
Invok: Temporal Distorti |       |       |     1 |       ||     1
Evoke: Wand              |       |       |     8 |       ||     8
  Use: Scroll            |     2 |     2 |     9 |       ||    13
       Potion            |       |     1 |       |       ||     1
 Stab: Sleeping          |     1 |       |       |       ||     1
       Confused          |       |       |     4 |       ||     4
       Held in net/web   |       |       |     3 |       ||     3
       Paralysed         |       |       |     3 |       ||     3
  Eat: Bread ration      |       |     1 |       |       ||     1
       Chunk             |       |       |     1 |       ||     1
